[Event "Team 45 45 League T81"]
[Site "Internet Chess Club"]
[Date "2019.07.05"]
[Round "2"]
[White "az2112"]
[Black "Andressa"]
[Result "1-0"]
[WhiteElo "1402"]
[BlackElo "1367"]
[Opening "Giuoco Piano"]
[ECO "C50"]
[Time "11:02:26"]
[TimeControl "2700+45"]

1. e4 e5 2. Nf3 Nc6 3. Bc4 Bc5 4. O-O Nf6 5. d3 O-O 6. Bg5 h6 7. Bh4 a6 8. Nc3
Be7 9. Bg3 d6 10. d4 Bg4 11. dxe5 Bxf3 12. Qxf3 Nxe5 13. Bxe5 dxe5 14. Rad1 Bd6
15. Rd2 Qe7 16. Rfd1 b5 17. Nd5 Nxd5 18. Bxd5 Rad8 19. Bc6 Qe6 20. b3 Be7 21.
Bd5 Qf6 22. Qc3 c5 23. Qa5 Rd6 24. Qc3 Rc8 25. Qh3 Rcd8 26. Rd3 Rf8 27. Qe3 Rc8
28. Qd2 Rcd8 29. Qe3 Rc8 30. Qg3 Rcd8 31. Rf3 Qg5 32. Bxf7+ Kh8 33. Bd5 Qxg3 34.
Rxg3 Rf8 35. Rgd3 Rdf6 36. f3 a5 37. a4 b4 38. Bc4 Rc6 39. Rd7 Bg5 40. Ra7 Be3+
41. Kf1 Bd4 42. Rxa5 Rff6 43. Ra7 Kh7 44. a5 Rc8 45. a6 Rff8 46. Rd7 Ra8 47. a7
{Black resigns} 1-0

[Event "Team 45 45 League T81"]
[Site "Internet Chess Club"]
[Date "2019.07.08"]
[Round "2"]
[White "howah45"]
[Black "guyd52"]
[Result "0-1"]
[WhiteElo "1191"]
[BlackElo "1233"]
[Opening "Pirc: classical (two knights) system"]
[ECO "B06"]
[Time "10:03:28"]
[TimeControl "2700+45"]

1. e4 g6 2. d4 Bg7 3. Nf3 d6 4. Nc3 Nf6 5. Be3 Nbd7 6. Bc4 O-O 7. O-O c6 8. Qd2
e5 9. Bh6 Qb6 10. Bxg7 Kxg7 11. dxe5 Nxe5 12. Nxe5 dxe5 13. Qg5 Re8 14. Bb3 Be6
15. Kh1 Bxb3 16. axb3 Rad8 17. f4 exf4 18. Rxf4 Qd4 19. Re1 Qe5 20. Qxe5 Rxe5
21. Ref1 Rd6 22. h4 h6 23. Kh2 Re7 24. b4 Nh5 25. R4f3 Nf6 26. Rf4 Nh5 27. R4f3
Nf6 28. Re3 Ng4+ 29. Kg3 Nxe3 30. Rf3 Nxc2 31. b5 Nd4 32. Rf2 Nxb5 33. Na4 b6
34. b3 Rd3+ 35. Kh2 Rxe4 36. Nb2 Rxh4+ 37. Kg1 Rxb3 38. Nd1 Rb1 39. Rf1 Rd4 40.
Ne3 Rxf1+ 41. Kxf1 a5 {White resigns} 0-1

[Event "Team 45 45 League T81"]
[Site "Internet Chess Club"]
[Date "2019.07.08"]
[Round "2"]
[White "DaveTheRook"]
[Black "Portola"]
[Result "1/2-1/2"]
[WhiteElo "1578"]
[BlackElo "1746"]
[Opening "Queen's gambit declined"]
[ECO "D30"]
[Time "19:02:26"]
[TimeControl "2700+45"]

1. d4 d5 2. c4 e6 3. cxd5 exd5 4. Nf3 Nf6 5. Nc3 c6 6. Bg5 Be7 7. e3 O-O 8. Qc2
Nbd7 9. Bd3 h6 10. Bh4 Re8 11. O-O Ne4 12. Bxe7 Qxe7 13. Nd2 Ndf6 14. Ncxe4 Nxe4
15. Nxe4 dxe4 16. Bc4 Be6 17. Rac1 Bxc4 18. Qxc4 Rad8 19. Qc5 a6 20. Qxe7 Rxe7
21. Rc5 Rd6 22. h3 g6 23. Rfc1 Kg7 24. Kf1 f5 25. g3 Rf6 26. R1c3 g5 27. Ke2 f4
28. exf4 gxf4 29. gxf4 Rxf4 30. Rg3+ Kh7 31. Ke3 Ref7 32. Rc2 Rh4 33. Rd2 Rg7
34. Rxg7+ Kxg7 35. Rc2 Kf6 36. Rc5 Rxh3+ 37. Kxe4 Rh2 38. Rf5+ Ke6 39. Re5+ Kd6
40. Rf5 Ke6 41. Re5+ Kd6 42. Rf5 Rh4+ 43. Rf4 Rxf4+ 44. Kxf4 Ke6 45. Kg4 Kd5 46.
Kh5 Kxd4 47. Kxh6 Ke4 48. Kg5 Kf3 49. Kf5 c5 50. Ke5 b5 51. Kd5 c4 52. Kc5 Kxf2
53. a4 Ke3 54. axb5 axb5 55. Kxb5 Kd4 56. Kb4 Kd3 57. Ka3 c3 58. bxc3 Kxc3 {Game
drawn because neither player has mating material} 1/2-1/2

[Event "Team 45 45 League T81"]
[Site "Internet Chess Club"]
[Date "2019.07.07"]
[Round "2"]
[White "rubo"]
[Black "pokerram"]
[Result "1/2-1/2"]
[WhiteElo "1552"]
[BlackElo "1574"]
[Opening "Queen's pawn: London system"]
[ECO "A45"]
[Time "21:45:27"]
[TimeControl "2700+45"]

1. d4 Nf6 2. Bf4 g6 3. Nc3 d5 4. e3 Bg7 5. h4 h6 6. Be2 c6 7. h5 g5 8. Bg3 Qa5
9. Qd2 b5 10. Ne4 Qxd2+ 11. Nxd2 Bf5 12. O-O-O O-O 13. Nh3 Bxh3 14. Rxh3 Ne4 15.
Nxe4 dxe4 16. f4 exf3 17. gxf3 a6 18. f4 f6 19. Bf3 Ra7 20. Rhh1 e6 21. fxg5
fxg5 22. Bg4 Re8 23. Rhf1 Nd7 24. Bf3 Rc8 25. Bg4 Re8 26. Bf3 Rc8 27. Bg4 Re8
{Game drawn by repetition} 1/2-1/2

[Event "Team 45 45 League T81"]
[Site "Internet Chess Club"]
[Date "2019.07.07"]
[Round "2"]
[White "mongmong"]
[Black "g8wrb"]
[Result "1-0"]
[WhiteElo "1565"]
[BlackElo "1327"]
[Opening "Queen's pawn game"]
[ECO "D04"]
[Time "16:00:55"]
[TimeControl "2700+45"]

1. d4 Nf6 2. Nf3 d5 3. e3 Bg4 4. c4 e6 5. Nbd2 c5 6. Qb3 Qb6 7. Qxb6 axb6 8.
cxd5 exd5 9. b3 Bd6 10. Bb2 Nbd7 11. Bd3 O-O 12. O-O Rfe8 13. h3 Bh5 14. Bb5 Re7
15. Rfc1 h6 16. Bd3 Ne4 17. Bxe4 dxe4 18. Ne1 Be2 19. Nc4 Bc7 20. Rc2 Bxc4 21.
Rxc4 b5 22. Rc2 b6 23. g3 Bd6 24. a4 bxa4 25. Rxa4 Ree8 26. Rc1 b5 27. Rxa8 Rxa8
28. Ra1 Rxa1 29. Bxa1 c4 30. bxc4 bxc4 31. Bc3 Nb6 32. Nc2 Nd5 33. Bb2 Kf8 34.
Ba3 Ke7 35. Bxd6+ Kxd6 36. Kf1 Kc6 37. Ke2 Kb5 38. g4 Ka4 39. f3 Nc3+ 40. Kf2
Kb3 41. Ne1 g5 42. fxe4 Nxe4+ 43. Kf3 Nd2+ 44. Ke2 Ne4 45. Kf3 Nd2+ 46. Ke2 Ne4
47. Kd1 Nc3+ 48. Kd2 Ne4+ 49. Kc1 Kc3 50. Kd1 Nf2+ 51. Ke2 Ne4 52. Kf3 Nd2+ 53.
Ke2 Ne4 54. Nf3 Kc2 55. Ne1+ Kc1 56. Nd3+ Kc2 57. Ne5 Kb3 58. Nxf7 c3 59. Ne5 c2
60. Nd3 Kc3 61. Nc1 Kb2 62. Nd3+ Kb1 63. Kf3 Nd2+ 64. Ke2 c1=Q 65. Nxc1 Kxc1 66.
Kd3 Nf3 67. e4 Ng1 68. e5 Nxh3 69. d5 Nf4+ 70. Ke4 Kc2 71. e6 Nd3 72. d6 Kc3 73.
d7 Nc5+ 74. Kd5 Nb7 75. Kc6 Nd8+ 76. Kd6 Kd4 77. e7 Nf7+ 78. Ke6 {Black resigns}
1-0

[Event "Team 45 45 League T81"]
[Site "Internet Chess Club"]
[Date "2019.07.05"]
[Round "2"]
[White "nosir"]
[Black "Megasus"]
[Result "1-0"]
[WhiteElo "1412"]
[BlackElo "1488"]
[Opening "Queen's pawn game"]
[ECO "A45"]
[Time "11:03:15"]
[TimeControl "2700+45"]

1. d4 Nf6 2. Nc3 d6 3. Bf4 Bf5 4. f3 Nc6 5. e4 Bd7 6. a3 e5 7. dxe5 dxe5 8. Bg5
Be6 9. Bb5 Be7 10. Nge2 O-O 11. O-O Bc5+ 12. Kh1 Nd4 13. f4 exf4 14. e5 h6 15.
Bxf6 gxf6 16. exf6 Nxe2 17. Qxe2 Qd4 18. Qh5 Qxf6 19. Qxc5 c6 20. Bd3 Qg5 21.
Qf2 f5 22. Qxf4 Qxf4 23. Rxf4 Rf7 24. Raf1 Raf8 25. Ne2 Kg7 26. Nd4 Rf6 27.
Nxe6+ Rxe6 28. Rxf5 Rxf5 29. Rxf5 c5 30. Kg1 b6 31. Bc4 Re7 32. Kf2 Kg6 33. Rf3
a5 34. Bd3+ Kg7 35. Bc4 Rd7 36. Rd3 Rb7 37. Bb5 Rb8 38. h4 Kg6 39. g3 Kf6 40.
Rd6+ Kg7 41. Rd7+ Kg6 42. Bd3+ Kh5 43. Rd6 b5 44. Be2# {Black checkmated} 1-0

[Event "Team 45 45 League T81"]
[Site "Internet Chess Club"]
[Date "2019.07.08"]
[Round "2"]
[White "chesskix"]
[Black "rubo"]
[Result "1/2-1/2"]
[WhiteElo "1382"]
[BlackElo "1544"]
[Opening "English: symmetrical, four knights system"]
[ECO "A30"]
[Time "20:00:28"]
[TimeControl "2700+45"]

1. Nf3 Nf6 2. c4 c5 3. Nc3 Nc6 4. d3 d6 5. g3 g6 6. Bg2 Bg7 7. O-O O-O 8. a3 e5
9. Rb1 Qd7 10. Ng5 Qe7 11. Nd5 Nxd5 12. Bxd5 h6 13. Nf3 Bh3 14. Re1 Rab8 15. Nh4
g5 16. Ng6 Qf6 17. Nxf8 Rxf8 18. b4 cxb4 19. axb4 Qe7 20. e3 Qd7 21. Qa4 a6 22.
b5 Ne7 23. Bg2 Bxg2 24. Kxg2 d5 25. Ba3 Re8 26. Bxe7 Rxe7 27. Qb4 axb5 28. Qxb5
dxc4 29. Qxc4 Re6 30. e4 Rd6 31. Red1 Bf8 32. Qb3 b6 33. Qb5 Qd8 34. Qxe5 Rxd3
35. Rxd3 Qxd3 36. Rxb6 Bg7 37. Rb8+ Bf8 38. Qe8 Qd6 39. Rd8 Qb4 40. Rd7 Qc4 41.
Rd8 Qb4 42. Qe5 Kh7 43. Qf5+ Kg8 44. h4 gxh4 45. Qg4+ Kh7 46. Qxh4 Be7 47. Rh8+
Kxh8 48. Qxh6+ Kg8 49. Qf4 Bd6 50. Qg4+ Kf8 51. Qc8+ Kg7 52. Qg4+ Kf8 53. Qc8+
Kg7 54. Qg4+ {Game drawn by mutual agreement} 1/2-1/2

[Event "Team 45 45 League T81"]
[Site "Internet Chess Club"]
[Date "2019.07.07"]
[Round "2"]
[White "g8wrb"]
[Black "CMAlge"]
[Result "0-1"]
[WhiteElo "1334"]
[BlackElo "1334"]
[Opening "Ruy Lopez: Berlin defense"]
[ECO "C65"]
[Time "10:01:33"]
[TimeControl "2700+45"]

1. e4 e5 2. Nf3 Nc6 3. Bb5 Nf6 4. Qe2 Bc5 5. O-O O-O 6. Rd1 Nd4 7. Nxd4 exd4 8.
c3 Re8 9. d3 a6 10. Ba4 b5 11. Bb3 Bb7 12. cxd4 Bxd4 13. Nc3 d5 14. Be3 Bxe3 15.
Qxe3 d4 16. Qf4 dxc3 17. e5 Nd5 18. Bxd5 Qxd5 19. Qe4 Rxe5 20. Qxd5 Bxd5 21.
bxc3 Rae8 22. Kf1 Re2 23. a3 Ra2 24. Rxa2 Bxa2 25. Rd2 Be6 26. Re2 Rd8 27. Rd2
c5 28. Ke1 g6 29. Ke2 Bf5 30. Ke3 Re8+ 31. Kf3 Re1 32. g4 Be6 33. h3 Ra1 34. d4
cxd4 35. cxd4 Rxa3+ 36. Ke4 Rxh3 37. d5 Bxg4 38. d6 Bd7 39. Ra2 Bc6+ 40. Kd4 Rh5
41. Rxa6 Rd5+ 42. Ke4 Rxd6+ 43. Ke5 Re6+ 44. Kd4 b4 45. Rb6 h5 46. Rxb4 Re4+ 47.
Kc5 Rxb4 48. Kxb4 h4 49. f4 h3 50. Kc5 Be4 51. Kd4 Ba8 52. f5 gxf5 53. Ke5 h2
54. Kxf5 h1=Q 55. Ke5 Qd5+ 56. Kf4 Qe4+ 57. Kg3 Qf3+ 58. Kh4 Kg7 59. Kg5 f6+ 60.
Kh4 f5 61. Kg5 Qg4# {White checkmated} 0-1

[Event "Team 45 45 League T81"]
[Site "Internet Chess Club"]
[Date "2019.07.05"]
[Round "2"]
[White "OGO"]
[Black "Janna"]
[Result "0-1"]
[WhiteElo "1238"]
[BlackElo "1281"]
[Opening "QGD: 4.Bg5"]
[ECO "D50"]
[Time "20:13:40"]
[TimeControl "2700+45"]

1. d4 d5 2. c4 e6 3. Nc3 Nf6 4. Bg5 h6 5. Bh4 Be7 6. c5 O-O 7. Nf3 Ne4 8. Bxe7
Qxe7 9. e3 Nc6 10. Bd3 Nxc3 11. bxc3 e5 12. Bc2 Bg4 13. h3 Bh5 14. g4 Bg6 15.
Qe2 exd4 16. cxd4 Rae8 17. Rb1 b6 18. cxb6 axb6 19. O-O Bxc2 20. Qxc2 Nb4 21.
Qd2 c5 22. dxc5 bxc5 23. a3 Nc6 24. Qxd5 Ne5 25. Rb7 Qf6 26. Nxe5 Qxe5 27. Qc4
Qe4 28. Rc1 Qxb7 {White resigns} 0-1

[Event "Team 45 45 League T81"]
[Site "Internet Chess Club"]
[Date "2019.07.07"]
[Round "2"]
[White "SeniorCitizen"]
[Black "kingsrook"]
[Result "1-0"]
[WhiteElo "1254"]
[BlackElo "1225"]
[Opening "Sicilian: Taimanov variation"]
[ECO "B45"]
[Time "15:00:26"]
[TimeControl "2700+45"]

1. e4 c5 2. Nf3 e6 3. Nc3 Nc6 4. d4 cxd4 5. Nxd4 Bb4 6. Nb3 Nf6 7. Bd3 d5 8. O-O
Bxc3 9. bxc3 dxe4 10. Be2 Qxd1 11. Rxd1 O-O 12. Bg5 Nd5 13. Bd2 b6 14. c4 Nf6
15. Bc3 e5 16. h3 Bb7 17. Kf1 Rfd8 18. Ke1 Ba6 19. a4 Rxd1+ 20. Rxd1 Rd8 21.
Rxd8+ Nxd8 22. Bxe5 Nc6 23. Bxf6 gxf6 24. c5 Bxe2 25. Kxe2 Kg7 26. c3 Kg6 27.
Ke3 f5 28. cxb6 axb6 29. Nd4 Ne5 30. Ke2 Kg5 31. f3 Kf4 32. fxe4 fxe4 33. Nc2
Kg3 34. Ne3 h5 35. c4 Nd7 36. Kf1 Kf4 37. Nd5+ Ke5 38. Ke2 Kd4 39. Nf4 h4 40.
Kf2 Kxc4 41. g4 hxg3+ 42. Kxg3 Nc5 43. h4 Nxa4 44. h5 Nc5 45. h6 Ne6 46. h7 e3
47. h8=Q Nxf4 48. Qc8+ Kd3 49. Kxf4 e2 50. Qd8+ Kc2 51. Qc7+ Kd3 52. Qd6+ Kc2
53. Qc6+ Kd2 54. Qd5+ Ke1 55. Ke3 Kf1 56. Qh1# {Black checkmated} 1-0

[Event "Team 45 45 League T81"]
[Site "Internet Chess Club"]
[Date "2019.07.08"]
[Round "2"]
[White "Chess4Him"]
[Black "sdcohle"]
[Result "1-0"]
[WhiteElo "1524"]
[BlackElo "1335"]
[Opening "Queen's pawn: London system"]
[ECO "A45"]
[Time "20:00:24"]
[TimeControl "2700+45"]

1. d4 Nf6 2. Bf4 d6 3. e3 g6 4. h3 Bg7 5. Nf3 O-O 6. Bd3 Nbd7 7. c3 Re8 8. Bh2
e5 9. dxe5 dxe5 10. Bc2 b6 11. Nbd2 Bb7 12. O-O Qe7 13. a4 a5 14. Re1 e4 15. Nd4
c6 16. Qb1 Rac8 17. Nc4 Red8 18. Nd6 Rb8 19. Nxb7 Rxb7 20. Nxc6 Qe8 21. Nxd8
Qxd8 22. Bxe4 Nxe4 23. Qxe4 Nc5 24. Qf3 Rd7 25. Rad1 Nd3 26. Rf1 Ne5 27. Bxe5
Bxe5 28. Rxd7 Qxd7 29. Qd1 Qe7 30. Qd5 Bg7 31. Rd1 Bh6 32. Qd8+ Qf8 33. Qxf8+
Bxf8 34. Rd8 Kg7 35. Rb8 Bc5 36. Kf1 h5 37. Ke2 Kf6 38. Rb7 Ke6 39. b3 Kf6 40.
b4 axb4 41. cxb4 Bxb4 42. Rxb6+ {Black resigns} 1-0

[Event "Team 45 45 League T81"]
[Site "Internet Chess Club"]
[Date "2019.07.07"]
[Round "2"]
[White "Kidpython"]
[Black "BrerRabbit"]
[Result "0-1"]
[WhiteElo "1111"]
[BlackElo "1369"]
[Opening "Caro-Kann: advance variation"]
[ECO "B12"]
[Time "19:08:59"]
[TimeControl "2700+45"]

1. e4 c6 2. d4 d5 3. e5 c5 4. c3 Nc6 5. Nf3 cxd4 6. cxd4 Bg4 7. Be2 Qb6 8. h3
Bh5 9. Nc3 e6 10. a3 Bxf3 11. Bxf3 Qxd4 12. Qxd4 Nxd4 13. Bd1 Ne7 14. Be3 Ndc6
15. Nb5 Kd7 16. Nd6 Nxe5 17. Nxb7 N7c6 18. O-O Rb8 19. Nc5+ Bxc5 20. Bxc5 Rxb2
21. Ba4 Kc7 22. Rac1 Nd3 23. Rc3 Nde5 24. Bd4 Kb7 25. Rxc6 Nxc6 26. Bxc6+ Kxc6
27. Bxb2 f6 28. Rc1+ Kb7 29. Rb1 Kc7 30. Re1 Kd6 31. Rc1 Rb8 32. Rb1 Rc8 33. Bd4
a6 34. Rb6+ Rc6 35. Rb7 Rc7 36. Rb3 e5 37. Bb6 Rc6 38. Rb4 d4 39. Kf1 Kd5 40.
Ke2 Rc4 41. Rb3 e4 42. Rg3 g6 43. Bd8 f5 44. Rb3 Rc2+ 45. Ke1 Rc3 46. Rxc3 dxc3
47. Ba5 Kc4 48. Kd1 Kb3 49. Bb4 Kb2 50. Bxc3+ Kxc3 51. Ke2 Kb3 52. Ke3 Kxa3 53.
Kd4 Kb4 54. Kd5 a5 55. f3 e3 56. g4 e2 57. g5 e1=Q 58. f4 a4 59. h4 a3 60. h5 a2
61. hxg6 hxg6 62. Kd6 a1=Q 63. Kd5 Qad1+ 64. Kc6 Qc3+ 65. Kb6 Kc4 66. Kc6 Kd4+
67. Kb5 Qb1+ 68. Ka4 Qbb4# {White checkmated} 0-1

[Event "Team 45 45 League T81"]
[Site "Internet Chess Club"]
[Date "2019.07.04"]
[Round "2"]
[White "pagliaci"]
[Black "gregorgg"]
[Result "1-0"]
[WhiteElo "1241"]
[BlackElo "1138"]
[Opening "Sicilian: closed"]
[ECO "B24"]
[Time "15:01:03"]
[TimeControl "2700+45"]

1. e4 c5 2. Nc3 Nc6 3. g3 Nf6 4. Bg2 g6 5. f4 d6 6. Nf3 Bg7 7. O-O O-O 8. d3 Bg4
9. h3 Be6 10. Be3 a6 11. a3 b5 12. Qd2 Qc7 13. Rad1 Ne8 14. d4 cxd4 15. Nxd4
Nxd4 16. Bxd4 Rc8 17. f5 Bd7 18. g4 Qc4 19. Bxg7 Nxg7 20. e5 Qc5+ 21. Kh1 Bc6
22. exd6 Bxg2+ 23. Kxg2 Rcd8 24. d7 Qc6+ 25. Kg3 e5 26. f6 Ne6 27. Rfe1 Qc7 28.
Qd6 Qb7 29. Rxe5 h6 30. Nd5 Rxd7 31. Ne7+ Kh7 32. Qxd7 Qxd7 33. Rxd7 Re8 34.
Red5 Nf8 35. Rd8 Rxd8 36. Rxd8 Ne6 37. Rd7 Ng5 38. Nd5 Kg8 39. b3 Kf8 40. Rd8#
{Black checkmated} 1-0

[Event "Team 45 45 League T81"]
[Site "Internet Chess Club"]
[Date "2019.07.07"]
[Round "2"]
[White "seldredg"]
[Black "jeffk"]
[Result "1-0"]
[WhiteElo "1312"]
[BlackElo "1091"]
[Opening "Queen's pawn"]
[ECO "A40"]
[Time "19:32:09"]
[TimeControl "2700+45"]

1. d4 e6 2. Bf4 d5 3. e3 g6 4. Nf3 Nf6 5. Nc3 Bg7 6. Nb5 O-O 7. Nxc7 Bd7 8. Nxa8
Nc6 9. Nc7 Ne4 10. Nb5 Qa5+ 11. Nc3 Nxc3 12. bxc3 Qxc3+ 13. Nd2 Nb4 14. Bd3 Ba4
15. O-O Bxc2 16. Bxc2 Nxc2 17. Rc1 Qb2 18. Rxc2 {Black resigns} 1-0

[Event "Team 45 45 League T81"]
[Site "Internet Chess Club"]
[Date "2019.07.08"]
[Round "2"]
[White "cadmiumorange"]
[Black "Ajolote"]
[Result "0-1"]
[WhiteElo "1871"]
[BlackElo "1936"]
[Opening "Sicilian defense"]
[ECO "B30"]
[Time "11:30:18"]
[TimeControl "2700+45"]

1. e4 c5 2. Nf3 Nc6 3. d3 e5 4. g3 g6 5. Bg2 Bg7 6. O-O Nge7 7. Be3 d6 8. Qd2
O-O 9. Bh6 f5 10. Bxg7 Kxg7 11. h4 f4 12. c3 Bg4 13. Nh2 Qd7 14. f3 Be6 15. g4
b5 16. Na3 b4 17. Nc2 b3 18. axb3 Bxb3 19. g5 d5 20. Ng4 dxe4 21. d4 e3 22. Qe2
exd4 23. cxd4 cxd4 24. Qd3 Bxc2 25. Qxc2 d3 {White resigns} 0-1

[Event "Team 45 45 League T81"]
[Site "Internet Chess Club"]
[Date "2019.07.12"]
[Round "2"]
[White "joaoazm"]
[Black "Zugzwanged"]
[Result "1-0"]
[WhiteElo "1771"]
[BlackElo "1719"]
[Opening "Queen's pawn game"]
[ECO "A46"]
[Time "12:05:00"]
[TimeControl "2700+45"]

1. d4 Nf6 2. Nf3 e6 3. g3 c5 4. Bg2 cxd4 5. O-O Nc6 6. Nxd4 Qb6 7. Nxc6 bxc6 8.
b3 d5 9. Bb2 Be7 10. Nd2 O-O 11. e3 a5 12. c4 a4 13. cxd5 cxd5 14. Bd4 Qb5 15.
bxa4 Qxa4 16. Qxa4 Rxa4 17. Rfc1 Bd7 18. Nf3 Rfa8 19. Rc7 Rxa2 20. Rxa2 Rxa2 21.
Bxf6 Bxf6 22. Rxd7 Ra1+ 23. Bf1 g6 24. Kg2 h6 25. Rc7 Ra4 26. Bb5 Ra8 27. Bc6
Rd8 28. Bd7 e5 29. Rc8 Rxc8 30. Bxc8 d4 31. Nd2 Kf8 32. Kf3 Ke7 33. exd4 exd4
34. Ke4 Kd6 35. Nb3 d3 36. Kxd3 Ke5 37. f4+ Kd5 38. Ba6 g5 39. Bc4+ Kd6 40. Bxf7
gxf4 41. gxf4 Bh4 42. Nd4 Bf2 43. Nf5+ Kd7 44. Nxh6 Ke7 45. Ke4 Kf6 46. Bd5
{Black resigns} 1-0

[Event "Team 45 45 League T81"]
[Site "Internet Chess Club"]
[Date "2019.07.08"]
[Round "2"]
[White "cityprosecutor"]
[Black "MarcB"]
[Result "0-1"]
[WhiteElo "1667"]
[BlackElo "1695"]
[Opening "Sicilian"]
[ECO "B50"]
[Time "21:08:41"]
[TimeControl "2700+45"]

1. Nf3 c5 2. e4 d6 3. g3 Nf6 4. d3 Nc6 5. Bg2 g6 6. O-O Bg7 7. Nbd2 O-O 8. a4 a6
9. Nc4 Rb8 10. Nh4 b5 11. axb5 axb5 12. Ne3 Bb7 13. f4 e6 14. g4 d5 15. e5 Nd7
16. g5 h5 17. gxh6 Bxh6 18. Ng4 Qxh4 {White resigns} 0-1

[Event "Team 45 45 League T81"]
[Site "Internet Chess Club"]
[Date "2019.07.03"]
[Round "2"]
[White "fireball"]
[Black "RD1974"]
[Result "1-0"]
[WhiteElo "1588"]
[BlackElo "1549"]
[Opening "Queen's pawn game"]
[ECO "D00"]
[Time "19:02:54"]
[TimeControl "2700+45"]

1. d4 d5 2. g3 Bg4 3. Bg2 c6 4. Nc3 Na6 5. a3 Nf6 6. Nf3 Qc8 7. O-O Bh3 8. Qd3
Bxg2 9. Kxg2 h6 10. Ne5 Qe6 11. f4 Ng4 12. f5 Nxe5 13. fxe6 Nxd3 14. exf7+ Kd7
15. exd3 g5 16. Bd2 Bg7 17. Ne2 Raf8 18. Rae1 e6 19. c3 Ke7 20. Ng1 Rxf7 21. Nf3
Rhf8 22. h4 gxh4 23. Nxh4 Rxf1 24. Rxf1 Rxf1 25. Kxf1 Kf6 26. Kf2 e5 27. dxe5+
Kxe5 28. Be3 c5 29. d4+ Ke4 30. dxc5 d4 31. cxd4 Bxd4 32. Bxd4 Kxd4 33. Nf5+ Ke5
34. Nxh6 Nxc5 35. Kf3 Nd3 36. Ng4+ Kf5 37. Ne3+ Kg5 38. b4 Ne5+ 39. Ke4 Nf7 40.
Kd5 Kf6 41. Nc4 Ke7 42. Na5 b6 43. Nc6+ Ke8 44. Nxa7 Kd7 45. Nc6 Kc7 46. Ne5 Nh6
47. g4 Ng8 48. g5 Ne7+ 49. Ke6 Nc8 50. g6 {Black resigns} 1-0

[Event "Team 45 45 League T81"]
[Site "Internet Chess Club"]
[Date "2019.07.05"]
[Round "2"]
[White "calsal"]
[Black "kidviper"]
[Result "1/2-1/2"]
[WhiteElo "1825"]
[BlackElo "1822"]
[Opening "Queen's pawn game"]
[ECO "A45"]
[Time "20:08:46"]
[TimeControl "2700+45"]

1. d4 Nf6 2. Nc3 c5 3. d5 d6 4. e4 g6 5. f4 Bg7 6. Bb5+ Nfd7 7. Nf3 a6 8. Bxd7+
Nxd7 9. a4 O-O 10. Be3 Nf6 11. h3 Nh5 12. g4 Ng3 13. Rg1 Bxc3+ 14. bxc3 Nxe4 15.
Qd3 f5 16. Nd2 Nf6 17. gxf5 Nh5 18. fxg6 Bf5 19. Qe2 Nf6 20. Qg2 hxg6 21. c4 Kf7
22. Nf3 Ne4 23. Nh4 Qa5+ 24. Bd2 Qxd2+ 25. Qxd2 Nxd2 26. Kxd2 Bxh3 27. Rg5 Bf5
28. Nxf5 gxf5 29. Rxf5+ Ke8 30. Rxf8+ Kxf8 31. Rh1 Kg7 32. Rb1 Rb8 33. a5 Kf6
34. Ke3 Kf5 35. Kf3 Kf6 36. Ke4 Kg6 37. f5+ Kf6 38. Kf4 Rh8 39. Kg4 Rg8+ 40. Kf4
Rh8 41. Kg4 {Game drawn by mutual agreement} 1/2-1/2

[Event "Team 45 45 League T81"]
[Site "Internet Chess Club"]
[Date "2019.07.07"]
[Round "2"]
[White "kidcobra"]
[Black "Beetlejuice"]
[Result "1-0"]
[WhiteElo "1847"]
[BlackElo "1698"]
[Opening "Sicilian: wing gambit, Marshall variation"]
[ECO "B20"]
[Time "08:09:43"]
[TimeControl "2700+45"]

1. e4 c5 2. b4 cxb4 3. a3 d5 4. exd5 Qxd5 5. Nf3 e5 6. axb4 Bxb4 7. c3 Be7 8.
Na3 Nc6 9. Nb5 Bd8 10. Ba3 Nge7 11. Nd6+ Kf8 12. Bc4 Qa5 13. Nxf7 Qc7 14. Nxh8
Nd4 15. cxd4 Qxc4 16. Nxe5 Qxd4 17. Qf3+ Kg8 18. Qf7+ {Black resigns} 1-0

[Event "Team 45 45 League T81"]
[Site "Internet Chess Club"]
[Date "2019.07.04"]
[Round "2"]
[White "BrianWood"]
[Black "KidRattler"]
[Result "1-0"]
[WhiteElo "1673"]
[BlackElo "1583"]
[Opening "Queen's Indian: Yates variation"]
[ECO "E15"]
[Time "21:01:10"]
[TimeControl "2700+45"]

1. d4 Nf6 2. Nf3 e6 3. c4 b6 4. g3 Bb4+ 5. Bd2 a5 6. Bg2 Bb7 7. O-O d5 8. cxd5
Bxd5 9. a3 Be7 10. Nc3 Nbd7 11. Nxd5 exd5 12. Ne5 Nxe5 13. dxe5 Ne4 14. Be3 f5
15. Qc2 O-O 16. Qc6 d4 17. Qc4+ Kh8 18. Qxd4 Qxd4 19. Bxd4 Rad8 20. Be3 Rfe8 21.
Rfd1 Kg8 22. Rxd8 Rxd8 23. g4 g6 24. gxf5 gxf5 25. Rc1 c5 26. Bh3 Rf8 27. f4 Kg7
28. Kg2 Kg6 29. Rg1 Kh5 30. Kf3 Kh4 31. Bxf5 Ng5+ 32. fxg5 Rxf5+ 33. Ke4 Rf8 34.
g6 Re8 35. g7 Rg8 36. Kf5 h5 37. Bg5+ Bxg5 38. Rxg5 c4 39. Rg1 c3 40. bxc3 b5
41. Kf6 b4 42. cxb4 a4 43. Kf7 Rd8 44. e6 Kh3 45. g8=Q Rxg8 46. Rxg8 Kh4 47. e7
Kh3 48. e8=Q Kh4 49. Qe4+ Kh3 50. Qf3+ Kh4 51. Qg3# {Black checkmated} 1-0